 Dungeon Crawl Stone Soup version 0.18-a0-1164-g7046a04 (webtiles) character file.

3168 poirepourri the Protected (level 9, 78/82 HPs)
             Began as a Deep Dwarf Berserker on Jan 25, 2016.
             Was a Follower of Trog.
             Starved to death
             ... on level 7 of the Dungeon.
             The game lasted 00:10:52 (7006 turns).

poirepourri the Protected (Deep Dwarf Berserker)    Turns: 7006, Time: 00:10:52

Health: 78/82      AC:  8    Str: 25    XL:     9   Next: 63%
Magic:  18/18      EV: 14    Int:  7    God:    Trog [*.....]
Gold:   203        SH:  0    Dex: 12    Spells: 0 memorised, 8 levels left

rFire  + . .     SeeInvis .     l - +1 war axe
rCold  x . .     Gourm    .     e - +0 scale mail
rNeg   . . .     Faith    .     (no shield)
rPois  .         Spirit   .     (no helmet)
rElec  .         Dismiss  .     (no cloak)
rCorr  .         Reflect  .     (no gloves)
SustAt .         Harm     .     (no boots)
MR     +....                    (no amulet)
Stlth  +.........               q - ring of magical power
                                r - ring of fire

@: fainting, non-regenerating, somewhat resistant to hostile enchantments, very
unstealthy
A: damage resistance, recharge devices, sense surroundings 2, slow regeneration
3
a: Device Recharging, Berserk, Burn Spellbooks, Renounce Religion


You were on level 7 of the Dungeon.
You worshipped Trog.
Trog was aware of your devotion.
You were fainting.

You visited 1 branch of the dungeon, and saw 7 of its levels.

You collected 203 gold pieces.

Inventory:

Hand Weapons
 a - a +0 hand axe
 l - a +1 war axe (weapon)
Armour
 b - a +0 animal skin
 e - a +0 scale mail (worn)
 m - a +0 plate armour
Jewellery
 q - a ring of magical power (right hand)
 r - a ring of fire (left hand)
 s - an uncursed ring of poison resistance
Wands
 c - a wand of heal wounds (2/9)
 o - a wand of random effects (24/48)
 p - a wand of magic darts (15/48)
 v - a wand of teleportation (1/9)
Scrolls
 d - 4 scrolls of blinking
 j - 4 scrolls of remove curse
 k - 2 scrolls of fog
Potions
 f - a potion of magic
 g - 2 potions of brilliance
 h - a potion of cancellation
 i - a potion of invisibility
 n - a potion of poison {unknown}
 t - a potion of lignification {unknown}
 z - a potion of curing


   Skills:
 + Level 6.1 Fighting
 + Level 7.3 Axes
 + Level 8.4 Armour
 + Level 8.3 Dodging
 + Level 2.1 Stealth


You had 8 spell levels left.
You didn't know any spells.

Dungeon Overview and Level Annotations

Branches:
Dungeon (7/15)             Temple (0/1) D:4

Altars:
Dithmenos
Elyvilon
Gozag
Ru
Yredelemnul
Zin
The Shining One

Shops:
D:5 =


Innate Abilities, Weirdness & Mutations

You are resistant to damage.
You can recharge devices by infusing magical energy.
You passively map the area around you.
You do not regenerate naturally.


Message History

You closely miss the hungry ghost.
The hungry ghost is moderately damaged.
The hungry ghost hits you.
You feel slightly more hungry. The hungry ghost closely misses you.
Your scale mail prevents you from hitting the hungry ghost.
The hungry ghost is moderately damaged.
The hungry ghost misses you.
You hit the hungry ghost.
The hungry ghost is moderately damaged.
The hungry ghost hits you.
You feel slightly more hungry.
You barely miss the hungry ghost.
The hungry ghost is moderately damaged.
The hungry ghost hits you.
You feel slightly more hungry.
You hit the hungry ghost.
The hungry ghost is moderately damaged.
The hungry ghost barely misses you.
You closely miss the hungry ghost.
The hungry ghost is moderately damaged.
You have starved to death.
You die...

, , ..#.# * ** #.#.##
** #...., , #...### *
* #..>.. ##* #...# ..
, #...#.## * ,
#.@....# , * *
##########.W.#..## *
, #..................
, ,
#.############...#.,,
#.# * ,,*...# , , #.#
,, .... , ,* #.# * ,
#.#* #.# ,, .# * #.#
,,, ,


You could see a hungry ghost.

Vanquished Creatures
  Pikel (D:6)
  The ghost of pedritolo the Skirmisher, a novice CeWr of Xom (D:5)
  Prince Ribbit (D:6)
  A hungry ghost (D:7)
  Menkaure (D:6)
  2 slaves (D:6)
  2 ice beasts (D:6)
  A phantom (D:4)
  2 centaurs
  A necrophage (D:6)
  An ogre (D:7)
  A giant frog (D:7)
  3 scorpions
  A water moccasin skeleton (D:7)
  5 killer bees (D:7)
  2 crimson imps
  A jelly (D:6)
  2 hounds (D:5)
  A quasit (D:6)
  2 orc priests (D:6)
  2 giant frog skeletons
  A centaur skeleton (D:5)
  An iguana (D:6)
  Terence (D:2)
  7 orc wizards (D:6)
  2 worker ants (D:6)
  A killer bee zombie (D:7)
  9 adders
  3 gnolls (D:2)
  3 oozes
  3 adder skeletons
  5 giant geckos
  13 orcs
  6 giant cockroaches
  6 goblins
  10 hobgoblins
  9 jackals
  3 quokkas (D:4)
  2 ball pythons
  5 bats
  7 giant newts
  A jackal skeleton (D:6)
  A jackal zombie (D:7)
  10 kobolds
  7 rats
150 creatures vanquished.

Vanquished Creatures (others)
  A slave (D:6)
1 creature vanquished.

Grand Total: 151 creatures vanquished

Notes
Turn   | Place    | Note
--------------------------------------------------------------
     0 | D:1      | poirepourri the Deep Dwarf Berserker began the quest for the Orb.
     0 | D:1      | Reached XP level 1. HP: 20/20 MP: 1/1
    36 | D:1      | Reached XP level 2. HP: 22/27 MP: 2/2
   303 | D:1      | Reached ** piety under Trog
   444 | D:1      | Reached XP level 3. HP: 25/34 MP: 3/3
   725 | D:2      | Reached XP level 4. HP: 25/42 MP: 4/4
   926 | D:2      | Noticed Terence
   953 | D:2      | Killed Terence
   953 | D:2      | Reached skill level 4 in Axes
  1312 | D:2      | Found an opulent altar of Gozag.
  1315 | D:2      | Found a glowing golden altar of the Shining One.
  1318 | D:2      | Found a sacrificial altar of Ru.
  1321 | D:2      | Found a glowing silver altar of Zin.
  1585 | D:3      | Reached XP level 5. HP: 44/49 MP: 5/5
  1878 | D:3      | Found a white marble altar of Elyvilon.
  1918 | D:3      | Reached skill level 1 in Stealth
  1929 | D:3      | Reached *** piety under Trog
  2461 | D:4      | Found a staircase to the Ecumenical Temple.
  2530 | D:4      | Reached XP level 6. HP: 29/57 MP: 6/6
  2909 | D:5      | Entered Level 5 of the Dungeon
  3114 | D:5      | Noticed pedritolo's ghost (novice CeWr)
  3115 | D:5      | Found Duwi's Jewellery Shoppe.
  3140 | D:5      | Killed pedritolo's ghost
  3140 | D:5      | Reached skill level 5 in Axes
  3140 | D:5      | Reached skill level 5 in Armour
  3140 | D:5      | Reached skill level 5 in Dodging
  3140 | D:5      | Reached XP level 7. HP: 63/64 MP: 7/7
  3795 | D:6      | Noticed Menkaure
  3809 | D:6      | Killed Menkaure
  3809 | D:6      | Reached skill level 6 in Dodging
  3809 | D:6      | Reached XP level 8. HP: 12/73 MP: 8/8
  4808 | D:6      | Reached skill level 5 in Fighting
  5091 | D:6      | Found a shadowy altar of Dithmenos.
  5375 | D:6      | Noticed Prince Ribbit
  5386 | D:6      | Killed Prince Ribbit
  5790 | D:6      | Reached skill level 7 in Armour
  5839 | D:6      | Noticed Pikel
  5864 | D:6      | Killed Pikel
  5864 | D:6      | Gained mutation: You passively map the area around you. [Deep Dwarf growth]
  5864 | D:6      | Reached XP level 9. HP: 35/81 MP: 9/9
  6478 | D:7      | Reached skill level 8 in Armour
  6590 | D:7      | Found a basalt altar of Yredelemnul.
  6958 | D:7      | Paralysed by fainting for 11 turns
  6990 | D:7      | Paralysed by fainting for 6 turns
  7006 | D:7      | Starved to death

Vault maps used:
D:1:      dpeg_arrival_tiny_c
D:2:      grunt_temple_overflow_cloverleaf, uniq_terence
D:3:      mumra_celtic_spiral_tile, nicolae_overflow_hidden_temple
D:4:      temple_fountains
D:5:      serial_shops, shop, first_bread
D:6:      nicolae_dithmenos_the_darkroom, uniq_menkaure, uniq_pikel,
          uniq_prince_ribbit1
D:7:      marbit_many_paths, gammafunk_temple_overflow_elements, serial_curves,
          eino_curves_02, eino_curves_03

Action                   |  1- 3 |  4- 6 |  7- 9 || total
-------------------------+-------+-------+-------++-------
Melee: Hand axe          |   104 |   278 |       ||   382
       War axe           |       |    17 |   289 ||   306
Invok: Trog's Hand       |       |     2 |    23 ||    25
       Berserk           |       |     1 |     3 ||     4
Evoke: Wand              |     1 |       |     2 ||     3
  Use: Potion            |     1 |     4 |     1 ||     6
       Scroll            |       |    10 |     5 ||    15
  Eat: Bread ration      |       |     2 |     2 ||     4
       Beef jerky        |       |     1 |       ||     1
       Fruit             |       |       |     4 ||     4
       Pizza             |       |       |     1 ||     1
       Meat ration       |       |       |     1 ||     1
       Royal jelly       |       |       |     1 ||     1
